 Dungeon Crawl Stone Soup version 0.18.1-50-g88ac8fd (console) character file.

79 Kloppie the Shield-Bearer (level 3, -3/30 HPs)
             Began as a Demigod Fighter on Oct 2, 2016.
             Slain by an orc wizard
             ... wielding a +2 dagger of electrocution
              (5 damage)
             ... on level 3 of the Dungeon.
             The game lasted 00:02:32 (1624 turns).

Kloppie the Shield-Bearer (Demigod Fighter)         Turns: 1624, Time: 00:02:32

Health: -3/30      AC:  6    Str: 19    XL:     3   Next: 97%
Magic:  5/5        EV:  1    Int: 12    God:
Gold:   55         SH:  9    Dex: 17    Spells: 0 memorised, 2 levels left

rFire  . . .     SeeInvis .     a - +0 flail (drain)
rCold  . . .     Gourm    .     b - +0 scale mail
rNeg   . . .     Faith    .     c - +0 shield
rPois  .         Spirit   .     (no helmet)
rElec  .         Dismiss  .     (no cloak)
rCorr  .         Reflect  .     (no gloves)
SustAt +         Harm     .     (no boots)
MR     .....                    (no amulet)
Stlth  ..........               (no ring)
                                (no ring)

@: heavily drained, not resistant to hostile enchantments, extremely unstealthy
A: high mp 1, sustain attributes
a: no special abilities


You were on level 3 of the Dungeon.
You were hungry.

You visited 1 branch of the dungeon, and saw 3 of its levels.

You collected 55 gold pieces.

Inventory:

Hand Weapons
 a - a +0 flail of draining (weapon)
 j - a +0 flail
Armour
 b - a +0 scale mail (worn)
 c - a +0 shield (worn)
Jewellery
 h - an uncursed ring of fire {unknown}
Scrolls
 e - a scroll of blinking {unknown}
 g - 4 scrolls of identify {unknown}
 i - a scroll of teleportation {unknown}
 l - a scroll of recharging {unknown}
 p - a scroll of enchant armour {unknown}
 s - a scroll of remove curse {unknown}
Potions
 d - a potion of might
 k - a potion of degeneration {unknown}
 m - a potion of heal wounds
 n - a potion of berserk rage {unknown}
Books
 r - a Young Poisoner's Handbook

   Spells                             Type                      Level
   a - Sting                          Conjuration/Poison           1
   b - Cure Poison                    Poison                       2
   c - Mephitic Cloud                 Conjuration/Poison/Air       3
   d - Olgreb's Toxic Radiance        Poison                       4
   e - Venom Bolt                     Conjuration/Poison           5
Comestibles
 f - 4 bread rations
 o - a beef jerky
 q - 2 fruits


   Skills:
 - Level 2.6(0.7) Fighting
 + Level 3.1(1.2) Maces & Flails
 - Level 2.6(0.7) Armour
 + Level 3.6(1.6) Shields


You had 2 spell levels left.
You didn't know any spells.

Dungeon Overview and Level Annotations

Branches:
Dungeon (3/15)


Innate Abilities, Weirdness & Mutations

You have an increased reservoir of magic (+10% MP).
Your attributes are resistant to harm.


Message History

You are too injured to fight recklessly!
You are too injured to fight recklessly!
You barely miss the orc wizard.
The orc wizard is heavily wounded.
The orc wizard casts a spell.
The orc wizard seems to speed up.
You closely miss the orc wizard.
The orc wizard is heavily wounded.
The orc wizard mumbles some strange words.
The orc wizard blinks!
The orc wizard casts a spell.
The orc wizard blinks!
The orc wizard mumbles some strange words.
The orc wizard blinks!
The orc wizard casts a spell at you. The magic dart hits you!
* * * LOW HITPOINT WARNING * * *
There is a stone staircase leading up here.
The orc wizard hits you with a dagger of electrocution.
You die...

# ### ####
...... ..#
....#.# #.#
......)##@####
........o....#
.(...<.##<#...#
....#.#
#......# ......
........# . ###
###.ยง...##
#...## #..# #.#


You could see an orc wizard.

Vanquished Creatures
  3 adders (D:2)
  2 worms (D:2)
  4 dart slugs
  5 orcs
  2 giant cockroaches (D:2)
  3 goblins
  6 hobgoblins
  3 kobolds
  2 bats
  3 giant newts
  A rat (D:2)
34 creatures vanquished.

Notes
Turn   | Place    | Note
--------------------------------------------------------------
     0 | D:1      | Kloppie the Demigod Fighter began the quest for the Orb.
     0 | D:1      | Reached XP level 1. HP: 18/18 MP: 3/3
   340 | D:1      | Reached XP level 2. HP: 25/25 MP: 4/4
   723 | D:2      | Reached XP level 3. HP: 26/30 MP: 5/5
   766 | D:2      | Found a shadowy altar of Dithmenos.
  1624 | D:3      | Slain by an orc wizard

Skill      XL: |  1  2  3 |
---------------+----------+-----
Maces & Flails | 2 3 |  3.1
Shields        | 3 |  3.6
Fighting       | |  2.6
Armour         | |  2.6

Action                   || total
-------------------------++-------
Melee: Flail             ||   148
  Use: Potion            ||     2
  Eat: Chunk             ||     2
Armor: Scale mail        ||    61
Dodge: Dodged            ||    41
Block: Shield            ||    86
